[Event "TCEC Season 20 - Qualification League"]
[Site "https://tcec-chess.com"]
[Date "2020.11.30"]
[Round "1.3"]
[White "Seer 1.2.1_dev"]
[Black "Stash 24.0"]
[Result "1-0"]
[ECO "B30"]
[WhiteElo "3038"]
[BlackElo "3121"]
[Annotator "NA"]
[PlyCount "97"]
[EventDate "2020.??.??"]
[SourceTitle "playchess.com"]
[Source "ChessBase"]
[SourceQuality "1"]
[TimeControl "1800+5"]

1. e4 c5 2. Nf3 Nc6 3. Bb5 e6 4. O-O Nge7 5. d4 cxd4 6. Nxd4 Qb6 7. Nxc6 bxc6 8. Be2 Ng6 9. c4 Be7 10. Be3 c5 11. Qc2 Rb8 12. b3 O-O 13. Nc3 a6 14. Rad1 Qc7 15. Qd2 Rd8 16. f4 Bb7 17. f5 Ne5 18. Qe1 Kh8 19. Bf4 Bf6 20. g4 Be7 21. g5 d6 22. Qh4 Qa5 23. Qh3 exf5 24. exf5 Bc8 25. Nd5 Bf8 26. Bxe5 dxe5 27. Bh5 Qxa2 28. Bxf7 Rxb3 29. Qg4 Rd6 30. Bg6 Qa3 31. Bxh7 a5 32. Bg6 Rh3 33. Rb1 Kg8 34. Rb8 Rd8 35. Rxc8 Rxc8 36. f6 Rd8 37. Ne7+ Kh8 38. Be4 Qe3+ 39. Kh1 Qxe4+ 40. Qxe4 gxf6 41. Qf5 Rh5 42. Qg6 Bxe7 43. gxf6 Bxf6 44. Qxf6+ Kh7 45. Qe7+ Kh8 46. Qxd8+ Kg7 47. Qf8+ Kh7 48. Rf7+ Kg6 49. Qg7# 1-0

[Event "TCEC Season 20 - Qualification League"]
[Site "https://tcec-chess.com"]
[Date "2020.11.30"]
[Round "2.1"]
[White "MrBob 1.0.0_dev"]
[Black "Seer 1.2.1_dev"]
[Result "1/2-1/2"]
[ECO "B91"]
[WhiteElo "2944"]
[BlackElo "3038"]
[Annotator "NA"]
[PlyCount "132"]
[EventDate "2020.??.??"]
[SourceTitle "playchess.com"]
[Source "ChessBase"]
[SourceQuality "1"]
[TimeControl "1800+5"]

1. e4 c5 2. Nf3 d6 3. d4 cxd4 4. Nxd4 Nf6 5. Nc3 a6 6. g3 e5 7. Nde2 Be7 8. Bg2 O-O 9. O-O b5 10. Nd5 Nbd7 11. Nec3 Nxd5 12. Nxd5 Nf6 13. Nxe7+ Qxe7 14. a4 bxa4 15. Rxa4 a5 16. Bd2 Bb7 17. Re1 Qc7 18. Bg5 Ne8 19. Qd3 h6 20. Bd2 Bc6 21. Raa1 Nf6 22. Qa3 Qb7 23. f3 Rfc8 24. c4 a4 25. Qxd6 Qxb2 26. Reb1 Qc2 27. Bxh6 Ne8 28. Qd2 Qxc4 29. Be3 Qe6 30. Bf1 Nd6 31. Rb4 Rcb8 32. Bf2 Rxb4 33. Qxb4 Nb7 34. Rb1 Qe8 35. Bc4 Na5 36. Ba2 Bd7 37. Ra1 Nc6 38. Qb2 Qe7 39. Bd5 Rb8 40. Qc3 Nb4 41. Rb1 Rb5 42. Bc4 Nd5 43. Qc1 Rxb1 44. Qxb1 Nb4 45. Kg2 Nc6 46. Bd5 Nd4 47. Qb6 Be6 48. f4 Qd7 49. Bxd4 exd4 50. Qxd4 g6 51. Qd2 Qd8 52. Qd3 Qe7 53. Bxe6 Qxe6 54. f5 Qb3 55. Qd8+ Kg7 56. fxg6 Qa2+ 57. Kg1 Kxg6 58. Qg8+ Kf6 59. Qd8+ Ke5 60. Qe7+ Kd4 61. Qf6+ Kxe4 62. Qf4+ Kd3 63. Qf5+ Kc3 64. Qf3+ Kb4 65. Qb7+ Ka3 66. Qe7+ Kb2 1/2-1/2

[Event "TCEC Season 20 - Qualification League"]
[Site "https://tcec-chess.com"]
[Date "2020.11.30"]
[Round "2.2"]
[White "Cheese 2.2"]
[Black "Halogen 20201128"]
[Result "1-0"]
[ECO "C69"]
[WhiteElo "3083"]
[BlackElo "3206"]
[Annotator "NA RC"]
[PlyCount "134"]
[EventDate "2020.??.??"]
[SourceTitle "playchess.com"]
[Source "ChessBase"]
[SourceQuality "1"]
[TimeControl "1800+5"]

1. e4 e5 2. Nf3 Nc6 3. Bb5 a6 4. Bxc6 dxc6 5. O-O Qf6 6. d4 exd4 7. Bg5 Qd6 8. Nxd4 Be7 9. Bxe7 Nxe7 10. Nc3 Bd7 11. Nb3 Qxd1 12. Raxd1 b6 13. f4 O-O-O 14. f5 c5 15. f6 gxf6 16. Rxf6 Be6 17. Nd2 Nc6 18. Nf3 Rxd1+ 19. Nxd1 Nd4 20. Nc3 Rg8 21. Ne5 Rg7 22. Rf2 Kb7 23. b3 a5 24. Na4 Rg8 25. c3 Nxb3 26. axb3 Bxb3 27. Nb2 Re8 28. Nf3 Rxe4 29. Nd2 Re1+ 30. Rf1 Rxf1+ 31. Kxf1 Bd5 32. c4 Bc6 33. Nd1 a4 34. g3 Bd7 35. Nc3 Ka6 36. Ke2 Ka5 37. Nd5 c6 38. Ne3 Kb4 39. Kd3 a3 40. Nc2+ Ka4 41. Kc3 Bf5 42. Ne3 Bg6 43. Nb3 Bh5 44. g4 Bg6 45. Nf5 Bxf5 46. gxf5 f6 47. Nd2 b5 48. Nb3 a2 49. Nxc5+ Ka3 50. Nb3 h6 51. c5 b4+ 52. Kc2 Ka4 53. h4 Ka3 54. h5 Ka4 55. Kb2 a1=Q+ 56. Nxa1 Ka5 57. Nb3+ Kb5 58. Kc1 Kc4 59. Kc2 Kd5 60. Kd3 Ke5 61. Na5 Kd5 62. Nb7 Ke5 63. Nd8 b3 64. Kc3 Kxf5 65. Nxc6 b2 66. Kxb2 Kg5 67. Nd4 Kxh5 1-0

[Event "TCEC Season 20 - Qualification League"]
[Site "https://tcec-chess.com"]
[Date "2020.11.30"]
[Round "2.3"]
[White "A0lite v0.1.2_BadGyalXL9d"]
[Black "Koivisto 4.10_dev"]
[Result "0-1"]
[ECO "C14"]
[WhiteElo "3026"]
[BlackElo "3190"]
[Annotator "NA RC"]
[PlyCount "84"]
[EventDate "2020.??.??"]
[SourceTitle "playchess.com"]
[Source "ChessBase"]
[SourceQuality "1"]
[TimeControl "1800+5"]

1. e4 e6 2. Nc3 d5 3. d4 Nf6 4. Bg5 Be7 5. e5 Nfd7 6. Bxe7 Qxe7 7. f4 O-O 8. Qd2 c5 9. Nf3 Nc6 10. O-O-O a6 11. h4 b5 12. h5 c4 13. f5 b4 14. Na4 exf5 15. b3 Rd8 16. Qf4 Na5 17. h6 g6 18. Rg1 Nf8 19. Ng5 Ne6 20. Nxe6 Bxe6 21. g4 fxg4 22. Be2 Rac8 23. Kb2 Nc6 24. Bxg4 Na7 25. Rg2 Nb5 26. Rf1 a5 27. Rgf2 Rf8 28. Kc1 Rce8 29. Kb1 Bxg4 30. Qxg4 f5 31. Qf4 Rc8 32. Ka1 Rc6 33. Rg2 cxb3 34. cxb3 Qc7 35. Nc5 Nxd4 36. Qxd4 Rxc5 37. Kb2 Rc8 38. Rff2 a4 39. bxa4 Rc1 40. Qxd5+ Kh8 41. Qd4 Rb1+ 42. Kxb1 Qc1# 0-1

[Event "TCEC Season 20 - Qualification League"]
[Site "https://tcec-chess.com"]
[Date "2020.11.30"]
[Round "3.1"]
[White "Halogen 20201128"]
[Black "A0lite v0.1.2_BadGyalXL9d"]
[Result "1-0"]
[ECO "B18"]
[WhiteElo "3206"]
[BlackElo "3026"]
[Annotator "NA RC"]
[PlyCount "109"]
[EventDate "2020.??.??"]
[SourceTitle "playchess.com"]
[Source "ChessBase"]
[SourceQuality "1"]
[TimeControl "1800+5"]

1. e4 c6 2. d4 d5 3. Nc3 dxe4 4. Nxe4 Bf5 5. Ng3 Bg6 6. Nf3 e6 7. Bd3 Nf6 8. Bxg6 hxg6 9. Bg5 c5 10. dxc5 Qxd1+ 11. Rxd1 Bxc5 12. c3 Nbd7 13. O-O O-O 14. Rfe1 Nb6 15. b3 Nbd5 16. c4 Nc3 17. Rd2 b5 18. Be3 Bb4 19. Rc1 a5 20. a3 Bxa3 21. Rxc3 Bb4 22. Rcc2 bxc4 23. bxc4 Bxd2 24. Nxd2 Rfc8 25. Ra2 a4 26. h3 a3 27. Kf1 Nd7 28. Nge4 Rcb8 29. Ke2 e5 30. Nc3 Rb2 31. Rxb2 axb2 32. Kd3 f5 33. f3 Rb8 34. Kc2 Rb4 35. c5 Nf6 36. c6 Ne8 37. Nd5 Rb8 38. c7 Nxc7 39. Nxc7 Rc8 40. Bb6 e4 41. fxe4 Rd8 42. Nc4 fxe4 43. Kxb2 Rd2+ 44. Nxd2 Kh7 45. Nxe4 Kh8 46. Ng5 Kg8 47. Bc5 Kh8 48. Nd5 Kg8 49. h4 Kh8 50. h5 Kg8 51. hxg6 Kh8 52. Bf8 Kg8 53. Ne6 Kh8 54. Bxg7+ Kg8 55. Nf6# 1-0

[Event "TCEC Season 20 - Qualification League"]
[Site "https://tcec-chess.com"]
[Date "2020.11.30"]
[Round "3.2"]
[White "Seer 1.2.1_dev"]
[Black "Cheese 2.2"]
[Result "1-0"]
[ECO "C11"]
[WhiteElo "3038"]
[BlackElo "3083"]
[Annotator "NA RC"]
[PlyCount "113"]
[EventDate "2020.??.??"]
[SourceTitle "playchess.com"]
[Source "ChessBase"]
[SourceQuality "1"]
[TimeControl "1800+5"]

1. e4 e6 2. d4 d5 3. Nc3 Nf6 4. e5 Nfd7 5. Nce2 c5 6. f4 Nc6 7. Nf3 Be7 8. c3 O-O 9. h4 Qb6 10. g4 f6 11. g5 fxe5 12. dxe5 c4 13. Ned4 Nc5 14. Qc2 Bd7 15. Be3 Kh8 16. h5 Nxd4 17. Nxd4 Rac8 18. h6 g6 19. Be2 Ba4 20. Qc1 Nd3+ 21. Bxd3 cxd3 22. O-O Bc5 23. b3 Bb5 24. Qb2 a5 25. a4 Ba6 26. Kg2 Rfe8 27. Kg3 Qc7 28. b4 Bxd4 29. Bxd4 axb4 30. cxb4 Bc4 31. b5 Qf7 32. Be3 Qf5 33. Qd4 Rc7 34. Bd2 Rcc8 35. Rfb1 Qf7 36. a5 Ra8 37. Qb6 Rab8 38. a6 bxa6 39. Qxa6 Rec8 40. Ra5 Rd8 41. Qc6 Qd7 42. Qc5 Rdc8 43. Qa3 Rb7 44. b6 Kg8 45. Ra7 Rcb8 46. Qc5 Re8 47. Rba1 d4 48. Qxc4 Reb8 49. Rxb7 Qxb7 50. Qxe6+ Qf7 51. Qd6 Qf8 52. Qd5+ Qf7 53. e6 Qe7 54. Ra8 Rxa8 55. Qxa8+ Qf8 56. b7 Qxa8 57. bxa8=Q# 1-0

[Event "TCEC Season 20 - Qualification League"]
[Site "https://tcec-chess.com"]
[Date "2020.11.30"]
[Round "3.3"]
[White "Stash 24.0"]
[Black "MrBob 1.0.0_dev"]
[Result "0-1"]
[ECO "C02"]
[WhiteElo "3121"]
[BlackElo "2944"]
[Annotator "NA RC"]
[PlyCount "152"]
[EventDate "2020.??.??"]
[SourceTitle "playchess.com"]
[Source "ChessBase"]
[SourceQuality "1"]
[TimeControl "1800+5"]

1. e4 e6 2. d4 d5 3. e5 c5 4. c3 Nc6 5. Nf3 Nge7 6. a3 a5 7. b3 Nf5 8. Bb2 Qb6 9. h4 Be7 10. g4 Nh6 11. Bh3 O-O 12. Nbd2 Bd7 13. O-O cxd4 14. cxd4 f6 15. exf6 gxf6 16. Qe2 Kh8 17. Kh1 Rae8 18. g5 fxg5 19. Nxg5 Bf6 20. Qh5 Bg7 21. Rae1 Rf6 22. Rg1 Re7 23. Rg2 Qd8 24. Kg1 Qb8 25. b4 Qf4 26. Qd1 axb4 27. axb4 b5 28. Ndf3 Rf8 29. Qc2 Nf5 30. Rg4 Qb8 31. Ne5 Nxe5 32. dxe5 Bh6 33. Qc5 Qd8 34. f4 Be8 35. Qf2 d4 36. Rc1 Bg6 37. Rg2 Ne3 38. Rg3 Bxg5 39. hxg5 Nd5 40. Qxd4 Nxf4 41. Qxd8 Ne2+ 42. Kh2 Rxd8 43. Ra3 Rd2 44. Rc8+ Kg7 45. Ba1 Rf7 46. Bg4 Nc3+ 47. Kh3 Ne4 48. Kh4 h6 49. gxh6+ Kxh6 50. Rh8+ Kg7 51. Rha8 Rf4 52. R3a7+ Bf7 53. Ra2 Rd1 54. Kh3 Rd3+ 55. Kh2 Rxg4 56. R8a3 Rh4+ 57. Kg2 Rd1 58. Ra7 Ng5 59. Kg3 Rdh1 60. Rf2 R4h3+ 61. Kf4 Kg6 62. Rxf7 Nxf7 63. Rg2+ Kh5 64. Bd4 Rh4+ 65. Ke3 R1h3+ 66. Kd2 Rxd4+ 67. Kc2 Nxe5 68. Re2 Nc4 69. Rf2 Ne3+ 70. Kb1 Rh1+ 71. Ka2 Rd3 72. Re2 Nc4 73. Re5+ Nxe5 74. Kb2 Nc4+ 75. Kc2 Rd2+ 76. Kc3 Rh3# 0-1

[Event "TCEC Season 20 - Qualification League"]
[Site "https://tcec-chess.com"]
[Date "2020.11.30"]
[Round "4.1"]
[White "Cheese 2.2"]
[Black "Stash 24.0"]
[Result "1/2-1/2"]
[ECO "B30"]
[WhiteElo "3083"]
[BlackElo "3121"]
[Annotator "NA RC"]
[PlyCount "122"]
[EventDate "2020.??.??"]
[SourceTitle "playchess.com"]
[Source "ChessBase"]
[SourceQuality "1"]
[TimeControl "1800+5"]

1. e4 c5 2. Nf3 Nc6 3. Bb5 e6 4. O-O Nge7 5. c3 d5 6. exd5 Nxd5 7. d4 cxd4 8. c4 Nf6 9. Qxd4 Bd7 10. Qh4 a6 11. Ba4 Bd6 12. Nc3 Ne5 13. Nxe5 Bxe5 14. Bb3 Qc7 15. Be3 h6 16. f4 Bd6 17. Rae1 O-O-O 18. h3 Bc5 19. Qg3 Rhg8 20. Qf2 Bxe3 21. Qxe3 Kb8 22. Rc1 Rge8 23. Rf2 Ka8 24. Re1 Bc6 25. a3 Nd7 26. Rd2 Qb6 27. Qxb6 Nxb6 28. Red1 Rxd2 29. Rxd2 Kb8 30. Ba2 Na4 31. Nxa4 Bxa4 32. Kf2 Bc6 33. Ke3 g5 34. g3 Rg8 35. Bb1 Kc7 36. g4 h5 37. gxh5 Rh8 38. fxg5 Rxh5 39. Kf4 Rxh3 40. Ke5 Rf3 41. Bc2 a5 42. Bd3 Re3+ 43. Kf6 Rf3+ 44. Ke7 e5 45. Bh7 Rg3 46. Rd5 Rxg5 47. Rxa5 f5 48. Kf6 Rg2 49. Bxf5 Rxb2 50. Rxe5 Rb3 51. Re7+ Kb6 52. Re5 Rxa3 53. Bg4 Ra1 54. Bf5 Rf1 55. Ke7 Kc7 56. Be6 b6 57. Bd5 Ba4 58. Re2 Bd7 59. Bg2 Rg1 60. Bd5 Bh3 61. Rb2 Re1+ 1/2-1/2

[Event "TCEC Season 20 - Qualification League"]
[Site "https://tcec-chess.com"]
[Date "2020.11.30"]
[Round "5.2"]
[White "Stash 24.0"]
[Black "A0lite v0.1.2_BadGyalXL9d"]
[Result "0-1"]
[ECO "B12"]
[WhiteElo "3121"]
[BlackElo "3026"]
[Annotator "NA RC"]
[PlyCount "130"]
[EventDate "2020.??.??"]
[SourceTitle "playchess.com"]
[Source "ChessBase"]
[SourceQuality "1"]
[TimeControl "1800+5"]

1. e4 c6 2. d4 d5 3. e5 Bf5 4. Nf3 e6 5. Nc3 Ne7 6. Bd3 Bg4 7. h3 Bxf3 8. Qxf3 c5 9. dxc5 Nd7 10. Bb5 a6 11. Bxd7+ Qxd7 12. O-O Nf5 13. g4 Nh4 14. Qg3 Be7 15. Rd1 h5 16. Ne4 hxg4 17. Qxg4 Ng6 18. Nd6+ Bxd6 19. exd6 O-O-O 20. Bg5 f6 21. Bd2 Ne5 22. Qg3 Rh5 23. f4 Nf7 24. Qxg7 Rxh3 25. c4 Rdh8 26. Qxf6 e5 27. f5 Kb8 28. Be3 d4 29. Qe6 Qc6 30. Qd5 Rh1+ 31. Kf2 R1h2+ 32. Kg1 Qxd5 33. cxd5 dxe3 34. d7 Kc7 35. Rd3 Rh1+ 36. Kg2 Rxa1 37. Rxe3 Rg8+ 38. Kf2 Kxd7 39. Rb3 Kc8 40. Rb6 Rd1 41. c6 Nd6 42. cxb7+ Kc7 43. Rc6+ Kxb7 44. Rxd6 Kc7 45. Rxa6 Rd4 46. Ke3 Rg3+ 47. Kf2 Rh3 48. Kg2 Rh8 49. f6 Rg8+ 50. Kf3 Rf4+ 51. Ke3 Kd7 52. b3 Rg3+ 53. Ke2 Rg2+ 54. Kd3 Rg3+ 55. Ke2 e4 56. Ke1 Re3+ 57. Kd2 Rd3+ 58. Ke2 Rh3 59. Re6 Rhf3 60. Rxe4 Rxf6 61. Re6 R3f5 62. Re4 Rf2+ 63. Kd3 Rxa2 64. Rh4 Rf3+ 65. Kd4 Rxb3 0-1

[Event "TCEC Season 20 - Qualification League"]
[Site "https://tcec-chess.com"]
[Date "2020.12.01"]
[Round "5.3"]
[White "MrBob 1.0.0_dev"]
[Black "Cheese 2.2"]
[Result "1-0"]
[ECO "C07"]
[WhiteElo "2944"]
[BlackElo "3083"]
[Annotator "NA RC"]
[PlyCount "213"]
[EventDate "2020.??.??"]
[SourceTitle "playchess.com"]
[Source "ChessBase"]
[SourceQuality "1"]
[TimeControl "1800+5"]

1. e4 e6 2. d4 d5 3. Nd2 c5 4. Ngf3 Nf6 5. exd5 exd5 6. Bb5+ Bd7 7. Bxd7+ Nbxd7 8. O-O Be7 9. dxc5 Nxc5 10. Nb3 Nce4 11. Be3 O-O 12. c3 Bd6 13. Re1 Re8 14. h3 Qd7 15. Bd4 a6 16. Nc1 Qc6 17. Nd3 Nd7 18. a3 a5 19. Qc2 Rac8 20. Rad1 Qb5 21. Be3 Nb6 22. Bf4 a4 23. Nd4 Qd7 24. Bxd6 Nxd6 25. Rxe8+ Qxe8 26. Qd2 Qf8 27. Qc1 Re8 28. Nf4 Ndc4 29. Qb1 Qd6 30. Nd3 g6 31. Qc1 Re4 32. Qg5 f6 33. Qc1 Qc7 34. g3 Qc8 35. Kg2 Qf8 36. h4 Qc8 37. h5 g5 38. h6 Qe8 39. Qb1 Qe7 40. Qc2 Qc7 41. Rc1 Qc8 42. Qd1 Qe8 43. Nc5 Re7 44. Qf3 Qf7 45. Rc2 Ne5 46. Qf5 Qf8 47. Re2 Qxh6 48. Nxb7 g4 49. Nd6 Kf8 50. Re3 Qh3+ 51. Kg1 Qh6 52. Re1 Nbd7 53. Rd1 Qh3 54. Ra1 Qh6 55. Re1 Nb6 56. Nc8 Nxc8 57. Qxc8+ Kf7 58. Qc5 Qd2 59. Qxd5+ Kf8 60. Qd8+ Kf7 61. Kf1 Qd3+ 62. Kg2 Qa6 63. Qh8 Qb7+ 64. Kg1 Kg6 65. Qg8+ Kh5 66. c4 Qxb2 67. Qc8 Kg6 68. Qf5+ Kg7 69. Rd1 Re8 70. c5 Qc3 71. c6 Qc4 72. Qh5 Rg8 73. Kh2 Rf8 74. c7 Kg8 75. Qh6 Ng6 76. Kg1 Qxc7 77. Ne6 Qe7 78. Nxf8 Qxf8 79. Qxf8+ Kxf8 80. Rd4 Ne5 81. Rxa4 Kf7 82. Rf4 h5 83. a4 Ke7 84. a5 Nc6 85. a6 Kd6 86. Rb4 Nxb4 87. a7 Nc6 88. a8=Q Ne7 89. Qa6+ Ke5 90. Qb5+ Ke6 91. Qxh5 f5 92. Kg2 Ng8 93. Qe8+ Ne7 94. Kf1 Kd6 95. Qf8 Ke6 96. Qg7 Kd7 97. Qe5 Ke8 98. Qe6 Kf8 99. Ke2 f4 100. gxf4 Ng8 101. Ke3 Ne7 102. f5 Ng8 103. Kf4 Ne7 104. f6 Nc6 105. Kg3 Na5 106. Qe7+ Kg8 107. Qg7# 1-0

[Event "TCEC Season 20 - Qualification League"]
[Site "https://tcec-chess.com"]
[Date "2020.12.01"]
[Round "6.2"]
[White "Koivisto 4.10_dev"]
[Black "Stash 24.0"]
[Result "*"]
[ECO "A40"]
[WhiteElo "3190"]
[BlackElo "3121"]
[Annotator "NA RC"]
[PlyCount "22"]
[EventDate "2020.??.??"]
[SourceTitle "playchess.com"]
[Source "ChessBase"]
[SourceQuality "1"]
[TimeControl "1800+5"]

1. d4 Nf6 2. Nf3 e6 3. c4 d5 4. Bg5 Nbd7 5. cxd5 exd5 6. Nc3 c6 7. e3 Bd6 8. Bd3 h6 9. Bh4 O-O 10. O-O Re8 11. Re1 g5 *

[Event "TCEC Season 20 - Qualification League"]
[Site "https://tcec-chess.com"]
[Date "2020.12.01"]
[Round "8.1"]
[White "Cheese 2.2"]
[Black "Koivisto 4.10_dev"]
[Result "0-1"]
[ECO "C01"]
[WhiteElo "3083"]
[BlackElo "3190"]
[Annotator "NA RC"]
[PlyCount "113"]
[EventDate "2020.??.??"]
[SourceTitle "playchess.com"]
[Source "ChessBase"]
[SourceQuality "1"]
[TimeControl "1800+5"]

1. e4 e6 2. d4 d5 3. exd5 exd5 4. Nf3 Nf6 5. Bd3 Bd6 6. O-O O-O 7. Re1 c5 8. dxc5 Bxc5 9. Nc3 Nc6 10. Bg5 Be6 11. Qd2 a6 12. Qf4 Be7 13. Qg3 Re8 14. Rxe6 fxe6 15. Qh3 g6 16. Qxe6+ Kg7 17. Qh3 Nh5 18. Bd2 Qd6 19. Rd1 Rad8 20. Ng5 Bxg5 21. Bxg5 Rd7 22. Bc4 d4 23. f3 Ne5 24. Ne4 Qc6 25. Bb3 a5 26. a4 h6 27. Bc1 d3 28. Be3 dxc2 29. Rxd7+ Nxd7 30. Bxc2 Ndf6 31. Nxf6 Rxe3 32. Nxh5+ gxh5 33. Qg3+ Kh8 34. Qf4 Qc5 35. Kf1 Kg7 36. Qg3+ Qg5 37. Qd6 Re7 38. f4 Qf6 39. Qxf6+ Kxf6 40. Kf2 Rc7 41. Bd3 h4 42. Ke3 Rc6 43. Kf3 Rb6 44. Bb5 Rd6 45. Bc4 Rd2 46. b3 h5 47. h3 Kf5 48. Be2 Rxe2 49. Kxe2 Kxf4 50. Kf2 b6 51. Ke2 Ke4 52. Kf2 Kd3 53. Kf3 Kc2 54. Kf4 Kxb3 55. Kg5 Kxa4 56. Kxh4 b5 57. Kxh5 0-1

[Event "TCEC Season 20 - Qualification League"]
[Site "https://tcec-chess.com"]
[Date "2020.12.01"]
[Round "9.1"]
[White "Seer 1.2.1_dev"]
[Black "MrBob 1.0.0_dev"]
[Result "1-0"]
[ECO "D32"]
[WhiteElo "3038"]
[BlackElo "2944"]
[Annotator "NA RC"]
[PlyCount "157"]
[EventDate "2020.??.??"]
[SourceTitle "playchess.com"]
[Source "ChessBase"]
[SourceQuality "1"]
[TimeControl "1800+5"]

1. d4 d5 2. c4 e6 3. Nc3 c5 4. cxd5 exd5 5. Nf3 Nc6 6. dxc5 Bxc5 7. Qxd5 Qb6 8. Qe4+ Be6 9. e3 Nf6 10. Qb1 O-O 11. Be2 Bg4 12. O-O Bd6 13. Ne4 Nxe4 14. Qxe4 Bxf3 15. Bxf3 Be5 16. g3 Bf6 17. Qf5 Ne5 18. Bd5 Rad8 19. e4 Nc6 20. Qf3 Rd7 21. Rb1 Rfd8 22. Rd1 Qa6 23. Bf4 Nd4 24. Qe3 Ne6 25. h4 h6 26. h5 Bg5 27. Bxg5 Nxg5 28. Rd2 Qb6 29. Qxb6 axb6 30. Re2 Kf8 31. Re3 Rc7 32. Kg2 Nh7 33. Rc3 Re7 34. Rbc1 Nf6 35. Rc8 Ke8 36. Bb3 Rxc8 37. Rxc8+ Kd7 38. Rf8 Rxe4 39. Rxf7+ Re7 40. Rxe7+ Kxe7 41. Bd1 Ke6 42. f4 b5 43. Bf3 b6 44. Kf2 Kd6 45. Ke3 Ne8 46. Ke4 Ke6 47. Bg4+ Ke7 48. Ke5 Nf6 49. Bd1 Nd7+ 50. Kd5 b4 51. Kc6 Kd8 52. Bf3 Ke7 53. Kc7 Nc5 54. Kxb6 b3 55. a3 Kd6 56. Kb5 Nd3 57. Be2 Nf2 58. Kb6 Ne4 59. a4 Nf6 60. a5 Nd5+ 61. Kb7 Nb4 62. a6 Nxa6 63. Kxa6 Ke7 64. Bd1 Kf6 65. Bxb3 g6 66. Bc2 Ke7 67. Kb6 Kd6 68. hxg6 Ke6 69. b4 h5 70. Kc6 h4 71. gxh4 Kf6 72. b5 Kg7 73. b6 Kh6 74. Bf5 Kg7 75. b7 Kf6 76. Bb1 Ke6 77. b8=Q Ke7 78. h5 Kf6 79. Qe5# 1-0

[Event "TCEC Season 20 - Qualification League"]
[Site "https://tcec-chess.com"]
[Date "2020.12.01"]
[Round "9.3"]
[White "Koivisto 4.10_dev"]
[Black "A0lite v0.1.2_BadGyalXL9d"]
[Result "1-0"]
[ECO "D37"]
[WhiteElo "3190"]
[BlackElo "3026"]
[Annotator "NA RC"]
[PlyCount "88"]
[EventDate "2020.??.??"]
[SourceTitle "playchess.com"]
[Source "ChessBase"]
[SourceQuality "1"]
[TimeControl "1800+5"]

1. d4 Nf6 2. c4 e6 3. Nf3 d5 4. Nc3 Be7 5. Bf4 O-O 6. e3 Nbd7 7. Be2 dxc4 8. O-O Nd5 9. Bxc4 Nxf4 10. exf4 c5 11. dxc5 Nxc5 12. Qe2 a6 13. Ne5 b5 14. Bd5 Bb7 15. Bxb7 Nxb7 16. a4 Nd6 17. axb5 axb5 18. Nxb5 Nxb5 19. Qxb5 Rb8 20. Qe2 Qe8 21. Rad1 Rb7 22. b3 Bf6 23. Rd3 Bxe5 24. Qxe5 Qb8 25. Qe3 h6 26. Rc1 Rb4 27. g3 Qb7 28. Rcc3 Ra8 29. Qe2 Ra1+ 30. Rd1 Qa8 31. Qc2 Rb8 32. Rcd3 Ra3 33. Qc7 Ra1 34. Qxb8+ Qxb8 35. Rxa1 g5 36. fxg5 hxg5 37. Ra5 e5 38. h3 Kg7 39. Rd7 Kf8 40. Raa7 Qxb3 41. Rxf7+ Qxf7 42. Rxf7+ Kxf7 43. Kg2 e4 44. f4 exf3+ 1-0

[Event "TCEC Season 20 - Qualification League"]
[Site "https://tcec-chess.com"]
[Date "2020.12.01"]
[Round "10.1"]
[White "A0lite v0.1.2_BadGyalXL9d"]
[Black "Halogen 20201128"]
[Result "0-1"]
[ECO "C11"]
[WhiteElo "3026"]
[BlackElo "3206"]
[Annotator "NA"]
[PlyCount "114"]
[EventDate "2020.??.??"]
[SourceTitle "playchess.com"]
[Source "ChessBase"]
[SourceQuality "1"]
[TimeControl "1800+5"]

1. e4 e6 2. Nc3 d5 3. d4 Nf6 4. Bg5 dxe4 5. Nxe4 Be7 6. Bxf6 Bxf6 7. Nf3 Nd7 8. Qd2 O-O 9. O-O-O Be7 10. Bd3 b6 11. Qf4 Bb7 12. Rhe1 Rc8 13. Kb1 Nf6 14. a3 h6 15. Ne5 Nd5 16. Qc1 c5 17. dxc5 Qc7 18. f4 bxc5 19. c4 Nb6 20. Qe3 Rcd8 21. Bc2 Ba8 22. g4 Bf6 23. Rxd8 Rxd8 24. Nxf6+ gxf6 25. Qh3 fxe5 26. Qxh6 e4 27. f5 f6 28. Qxf6 Rd4 29. b3 exf5 30. gxf5 Qg7 31. Qe6+ Kf8 32. f6 Qf7 33. Qh3 Qg6 34. Qe6 Qf7 35. Qh3 Qg6 36. Rf1 Kf7 37. Re1 Nd7 38. Re3 Nxf6 39. Rg3 Qh5 40. Qc8 e3 41. Qxa8 e2 42. Rg1 Rd1+ 43. Bxd1 exd1=R+ 44. Rxd1 Qxd1+ 45. Kb2 Qe2+ 46. Kc1 Ne4 47. Qd5+ Kg6 48. a4 Qe3+ 49. Kb2 Qc3+ 50. Kb1 Nd2+ 51. Qxd2 Qxd2 52. h4 a5 53. h5+ Kxh5 54. Ka1 Qc2 55. b4 cxb4 56. c5 b3 57. c6 Qc1# 0-1

[Event "TCEC Season 20 - Qualification League"]
[Site "https://tcec-chess.com"]
[Date "2020.12.01"]
[Round "10.2"]
[White "Cheese 2.2"]
[Black "Seer 1.2.1_dev"]
[Result "0-1"]
[ECO "B23"]
[WhiteElo "3083"]
[BlackElo "3038"]
[Annotator "NA RC"]
[PlyCount "152"]
[EventDate "2020.??.??"]
[SourceTitle "playchess.com"]
[Source "ChessBase"]
[SourceQuality "1"]
[TimeControl "1800+5"]

1. e4 c5 2. Nc3 Nc6 3. Nf3 e5 4. Bc4 d6 5. O-O Be7 6. Nd5 Nf6 7. Re1 O-O 8. c3 Bg4 9. h3 Nxd5 10. exd5 Bxf3 11. Qxf3 Nb8 12. a4 Nd7 13. a5 a6 14. Bd3 g6 15. c4 f5 16. Bc2 Bg5 17. Qb3 Rb8 18. Qg3 Bf4 19. Qf3 Qh4 20. Qc3 Bh6 21. Ba4 Nf6 22. Bc2 Bg7 23. Ra3 e4 24. Qg3 Qxg3 25. Rxg3 b5 26. axb6 Rxb6 27. Ra3 Nd7 28. b3 Rfb8 29. f4 Bd4+ 30. Kh2 h5 31. g3 Nf6 32. Bd1 Re8 33. Kg2 Rc8 34. Ra2 Kf7 35. Bb2 Ra8 36. Bc3 a5 37. Rxa5 Rxa5 38. Bxa5 Ra6 39. Bd8 Ra2 40. Re2 Ra1 41. Re1 Ra3 42. Re2 Ra8 43. Bxf6 Kxf6 44. Re1 Ke7 45. h4 Kf8 46. Kh3 Ra2 47. Re2 Ra1 48. Re1 Ke8 49. Kh2 Kd8 50. Kg2 Kc7 51. Kh2 Kb6 52. Kg2 Ka5 53. Kh2 Kb4 54. Kg2 Ka3 55. Kf1 Kb2 56. Ke2 Ra8 57. Kf1 Ra3 58. Ke2 Kc1 59. Rh1 Ra2 60. Ke1 e3 61. dxe3 Bc3+ 62. Kf1 Kxd1 63. Rh3 Re2 64. Kg1 Rxe3 65. Kf2 Re2+ 66. Kf3 Bd4 67. Rh1+ Kd2 68. Rf1 Re1 69. Rxe1 Kxe1 70. Kg2 Ke2 71. Kh2 Kf2 72. b4 cxb4 73. Kh1 Kxg3 74. c5 b3 75. cxd6 b2 76. d7 b1=Q# 0-1

[Event "TCEC Season 20 - Qualification League"]
[Site "https://tcec-chess.com"]
[Date "2020.12.01"]
[Round "10.3"]
[White "MrBob 1.0.0_dev"]
[Black "Stash 24.0"]
[Result "1-0"]
[ECO "B30"]
[WhiteElo "2944"]
[BlackElo "3121"]
[Annotator "NA RC"]
[PlyCount "93"]
[EventDate "2020.??.??"]
[SourceTitle "playchess.com"]
[Source "ChessBase"]
[SourceQuality "1"]
[TimeControl "1800+5"]

1. e4 c5 2. Nf3 Nc6 3. c3 d5 4. exd5 Qxd5 5. d4 Nf6 6. Be2 Bf5 7. O-O e6 8. Qa4 O-O-O 9. Be3 Nd7 10. Qd1 h6 11. Nbd2 Be7 12. Rc1 g5 13. b4 cxb4 14. c4 Qa5 15. d5 Nce5 16. c5 Nxf3+ 17. Bxf3 g4 18. Nc4 Qxa2 19. Be2 b3 20. Nd6+ Kb8 21. Nxf5 Bxc5 22. Bxc5 Nxc5 23. Rxc5 exf5 24. Bd3 Qa4 25. Rb5 Rd6 26. Rxb3 Qa5 27. Qb1 Qxd5 28. Bxf5 Re8 29. Rb5 Qc6 30. Rc1 Re7 31. Rxc6 Rxc6 32. Qd1 a6 33. Rb1 Rcc7 34. Qd6 h5 35. h3 Ka8 36. Qb6 Kb8 37. Rd1 Re8 38. Qd6 h4 39. hxg4 h3 40. Rc1 h2+ 41. Kxh2 f6 42. Rxc7 Ka7 43. Qc5+ Ka8 44. Qb6 Rh8+ 45. Kg3 Rh3+ 46. gxh3 a5 47. Qxb7# 1-0